 Dungeon Crawl Stone Soup version 0.26-a0-466-g989023bd0d (webtiles) character file.

Game seed: 15230093215444019639

305 vurker the Chucker (level 6, -3/56 HPs)
             Began as a Minotaur Hunter on Aug 10, 2020.
             Was a Priest of Zin.
             Slain by Sigmund
             ... wielding a +5 scythe of venom
              (7 damage)
             ... on level 3 of the Dungeon.
             The game lasted 00:03:59 (1906 turns).

vurker the Chucker (Minotaur Hunter)                Turns: 1906, Time: 00:04:00

Health: -3/56      AC:  9    Str: 18    XL:     6   Next: 15%
Magic:  7/7        EV: 11    Int:  8    God:    Zin [***...]
Gold:   161        SH:  0    Dex: 11    Spells: 5/5 levels left

rFire    . . .     SeeInvis .   i - +2 hand axe (flame)
rCold    . . .     Faith    .   (no shield)
rNeg     . . .     Spirit   .   a - +3 ring mail
rPois    .         Reflect  .   (helmet restricted)
rElec    .         Harm     .   k - +0 cloak
rCorr    .                      (no gloves)
MR       .....                  (no boots)
Stlth    +.........             m - amulet of the acrobat
HPRegen  0.18/turn              (no ring)
MPRegen  0.10/turn              (no ring)

@: mighty, lethally poisoned (-3 -> -62)
A: retaliatory headbutt, horns 2
a: Recite, Vitalisation, Imprison, Donate Gold, Renounce Religion


You were on level 3 of the Dungeon.
You worshipped Zin.
Zin was most pleased with you.
You visited 1 branch of the dungeon, and saw 3 of its levels.
You also visited: Sewer.

You collected 178 gold pieces.
You donated 17 gold pieces to Zin.

Inventory:

Hand Weapons
 i - a +2 hand axe of flaming (weapon)
   (You found it on level 1 of the Dungeon)
Missiles
 c - 6 javelins (quivered)
 d - 2 throwing nets
Armour
 a - a +3 ring mail (worn)
   (You found it on level 1 of the Dungeon)
 k - a +0 cloak (worn)
   (You found it on level 2 of the Dungeon)
Jewellery
 m - an amulet of the acrobat (around neck)
   (You found it on level 2 of the Dungeon)
 o - a cursed ring of teleportation {unknown}
   (You found it on level 2 of the Dungeon)
Scrolls
 b - a scroll of remove curse {unknown}
 e - 4 scrolls of amnesia {unknown}
 f - 4 scrolls of identify {unknown}
 h - 3 scrolls of teleportation {unknown}
 j - a scroll of enchant armour {unknown}
 q - 2 scrolls of noise {unknown}
 t - a scroll of torment {unknown}
 v - a scroll of blinking {unknown}
 w - a scroll of fear {unknown}
 x - a scroll of immolation {unknown}
 y - a scroll of fog {unknown}
Potions
 l - a potion of heal wounds
 n - a potion of degeneration {unknown}
 p - a potion of haste
 s - a potion of flight
 u - a potion of stabbing {unknown}


   Skills:
 + Level 5.1 Fighting
 + Level 5.5 Throwing
 - Level 2.1 Dodging
 - Level 0.7 Stealth
 + Level 2.7 Invocations


You had 5 spell levels left.
You didn't know any spells.
Your spell library was empty.

Dungeon Overview and Level Annotations

Branches:
Dungeon (3/15)              Sewer (visited)

Altars:
Zin

Annotations:
D:3 Sigmund


Innate Abilities, Weirdness & Mutations

You reflexively headbutt those who attack you in melee.
You have a pair of horns on your head.


Message History

* * * LOW HITPOINT WARNING * * *
You are more poisoned.
It was a potion of flight.
You feel very buoyant.
You fly up into the air.
* * * LOW HITPOINT WARNING * * *
You feel very sick. Something hits you.
* * * LOW HITPOINT WARNING * * *
You are more poisoned.
It was a potion of haste.
You feel yourself speed up.
* * * LOW HITPOINT WARNING * * *
You feel very sick.
Unknown command.
Unknown command.
It was a potion of heal wounds.
You feel much better.
* * * LOW HITPOINT WARNING * * *
You feel sick. Something hits you.
* * * LOW HITPOINT WARNING * * *
You are more poisoned.
You miss something. You headbutt something.
* * * LOW HITPOINT WARNING * * *
You feel very sick.
Unknown command.
Unknown command.
There is no monster there to imprison!
You hit something. You burn something.
* * * LOW HITPOINT WARNING * * *
You feel very sick. Something hits you.
* * * LOW HITPOINT WARNING * * *
You are more poisoned.
It was a potion of cancellation.
Your magical effects are unravelling.
You feel magically purged.
You feel yourself slow down.
You float gracefully downwards.
* * * LOW HITPOINT WARNING * * *
You feel very sick.
It was a potion of might.
You feel very mighty all of a sudden.
* * * LOW HITPOINT WARNING * * *
You feel very sick. Something hits you but does no damage.
You are more poisoned.
It was a potion of magic.
Magic courses through your body. Zin protects you from harm!
Something hits you!
You die...

...........# #.#
#.# ...........#
#.# #.#
...........# #.#
#.# .#'###.#####
#.# #.# .#.# #.#
#.#####.# .#.# #.#
#.#.....# .#.# #.#
#.#.##### .#.# #[#
#.#.# ...# #.#
#.#@# .#####.#
#.#<{....#
.......#
#.#.#.####
######## #.#.#...
##############.#.#
#.#
.............#.#..
..#
############.#.#.#
## #.#.#.#
#.#.####


There were no monsters in sight!

Vanquished Creatures
  Purgy (Sewer)
  A howler monkey (D:3)
  An orc wizard (D:3)
  A gnoll (D:2)
  6 adders
  3 worms
  A dart slug (D:1)
  4 leopard geckos
  3 orcs (D:3)
  A ball python (D:2)
  6 giant cockroaches
  4 hobgoblins
  3 jackals (D:3)
  12 kobolds
  4 bats
  4 frilled lizards
  5 goblins
  10 rats
70 creatures vanquished.

Notes
Turn   | Place    | Note
-------+----------+-------------------------------------------
     0 | D:1      | vurker the Minotaur Hunter began the quest for the Orb.
     0 | D:1      | Reached XP level 1. HP: 18/18 MP: 0/0
   112 | D:1      | Reached XP level 2. HP: 26/26 MP: 1/1
   676 | D:2      | Reached XP level 3. HP: 30/31 MP: 2/2
   847 | D:2      | Found a faded altar of an unknown god.
   852 | D:2      | Became a worshipper of Zin the Law-Giver
   852 | D:2      | Reached * piety under Zin
   898 | D:2      | Reached ** piety under Zin
   910 | D:2      | Reached XP level 4. HP: 35/40 MP: 3/3
   975 | D:2      | Reached skill level 1 in Invocations
  1271 | D:3      | Reached skill level 5 in Throwing
  1427 | D:3      | Reached XP level 5. HP: 47/47 MP: 5/5
  1451 | D:3      | Found a glowing drain.
  1478 | Sewer    | Entered a sewer
  1543 | Sewer    | Noticed Purgy
  1548 | Sewer    | Killed Purgy
  1548 | Sewer    | Reached skill level 5 in Fighting
  1548 | Sewer    | Reached XP level 6. HP: 54/56 MP: 6/6
  1858 | D:3      | Reached *** piety under Zin
  1889 | D:3      | Noticed Sigmund
  1906 | D:3      | Zin protects you from harm!
  1906 | D:3      | Slain by Sigmund

Illustrated notes

Levels and vault maps discovered:
D:1:      dpeg_arrival_fog, layout_basic
D:2:      layout_rooms, chequers_ecumenical_altar_lobes, minmay_divided_ellipse
D:3:      minmay_angry_zag, layout_basic, minitemple, portal_sewer_entry_a,
          fedhas_altar_1, uniq_sigmund

Skill      XL: |  1  2  3  4  5 |
---------------+----------------+-----
Fighting       | 3 4 5 |  5.1
Invocations    | 1 2 |  2.7
Throwing       | 5 |  5.5
Dodging        | |  2.1
Stealth        | |  0.7

Action                   |  1- 3 |  4- 6 || total
-------------------------+-------+-------++-------
Melee: Short sword       |    18 |       ||    18
       Headbutt          |     9 |     8 ||    17
       Hand axe          |    27 |    88 ||   115
Invok: Recite            |       |     1 ||     1
  Use: Potion            |       |     6 ||     6
Armor: Leather armour    |     2 |       ||     2
       Ring mail         |    19 |    35 ||    54
Dodge: Dodged            |    37 |    74 ||   111

Table legend: (Time is in decaauts)
 A = Elapsed time spent in this place.
 B = Non-inter-level travel time spent in this place.
 C = Inter-level travel time spent in this place.
 D = Time resting spent in this place.
 E = Time spent auto-exploring this place.
 F = Levels seen in this place.
 G = Mean time per level.
                   A        B        C        D        E       F      G
               +--------+--------+--------+--------+--------+-----+--------+
         Total |   1941 |   1908 |     33 |      0 |   1436 |   4 |  485.2 |
       Dungeon |   1768 |   1735 |     33 |      0 |   1312 |   3 |  589.3 |
         Sewer |    173 |    173 |      0 |      0 |    124 |   1 |  173.0 |
               +--------+--------+--------+--------+--------+-----+--------+

Top non-repeatable levels by time:
     D:1: 670 daAuts
     D:2: 583 daAuts
     D:3: 514 daAuts
   Sewer: 173 daAuts
